 Dungeon Crawl Stone Soup version 0.31-a0-214-gb37851dbb3 (webtiles) character file.

Game seed: 14661586713020130404

175 qw the Shooter (level 5, -3/45 HPs)
             Began as a Minotaur Hexslinger on July 1, 2023.
             Slain by Duvessa
             ... wielding a +0 short sword
              (7 damage)
             ... on level 5 of the Dungeon.
             The game lasted 00:01:01 (2489 turns).

qw the Shooter (Minotaur Hexslinger)                Turns: 2489, Time: 00:01:02

Health: -3/45      AC:  5    Str: 12    XL:     5   Next: 29%
Magic:  5/5        EV: 11    Int: 10    God:
Gold:   178        SH:  0    Dex: 15    Spells: 5/6 levels left

rFire   . . .        Y - +1 sling
rCold   . . .        (no shield)
rNeg    . . .        e - +0 ring mail
rPois   .            (helmet restricted)
rElec   .            (no cloak)
rCorr   .            (no gloves)
SInv    .            (no boots)
Will    .....        (no amulet)
Stlth   +            (no ring)
HPRegen 0.27/turn    (no ring)
MPRegen 0.09/turn

%: no passive effects
@: about to teleport
A: horns 2, retaliatory headbutt
a: no special abilities


You were on level 5 of the Dungeon.
You visited 1 branch of the dungeon, and saw 4 of its levels.

You collected 220 gold pieces.
You spent 42 gold pieces at shops.


Innate Abilities, Weirdness & Mutations

You have a pair of horns on your head.
You reflexively headbutt those who attack you in melee.


   Skills:
 - Level 3.1 Fighting
 + Level 5.3 Ranged Weapons
 - Level 1.0 Armour
 - Level 2.1 Dodging
 - Level 1.0 Spellcasting
 - Level 2.0 Hexes


You had 5 spell levels left.
You knew the following spells:

 Your Spells              Type           Power      Damage    Failure   Level
a - Slow                  Hex            16%        N/A       34%         1

Your spell library contained the following spells:

 Spells                   Type           Power      Damage    Failure   Level
 Inner Flame              Hex/Fire       2%         N/A       83%         3
 Portal Projectile        Hex/Tloc       4%         N/A       83%         3
 Cause Fear               Hex            2%         N/A       98%         4

Inventory:

Hand Weapons
 Y - a +1 sling (weapon)
Armour
 e - a +0 ring mail (worn)
Scrolls
 c - 2 scrolls of torment {unknown}
 d - a scroll of vulnerability {unknown}
 f - a scroll of silence {unknown}
 g - a scroll of identify
Potions
 a - a potion of mutation
 h - a potion of curing
 i - a potion of cancellation {unknown}

Dungeon Overview and Level Annotations

Branches:
Dungeon (3/15)

Altars:
Elyvilon
Zin
The Shining One

Shops:
D:1 !=:(!

Annotations:
D:5 Duvessa


Message History

Duvessa is lightly wounded.
Duvessa hits you with a +0 short sword. x2
You shoot a sling bullet.
The sling bullet hits Duvessa but does no damage.
Duvessa is lightly wounded.
Duvessa hits you with a +0 short sword.
You shoot a sling bullet. The sling bullet barely misses Duvessa.
Duvessa hits you with a +0 short sword.
You shoot a sling bullet. The sling bullet barely misses Duvessa.
Duvessa closely misses you. x2
You shoot a sling bullet. The sling bullet hits Duvessa.
Duvessa is moderately wounded.
You hear the quick rusting of a very distant drain.
Duvessa hits you with a +0 short sword.
You shoot a sling bullet.
The sling bullet closely misses Duvessa.
Duvessa hits you with a +0 short sword!
You shoot a sling bullet.
The sling bullet hits Duvessa but does no damage.
Duvessa is moderately wounded.
Duvessa barely misses you.
You shoot a sling bullet.
The sling bullet hits Duvessa but does no damage.
Duvessa is moderately wounded.
Duvessa hits you with a +0 short sword.
You shoot a sling bullet.
The sling bullet hits Duvessa but does no damage.
Duvessa is moderately wounded.
Duvessa hits you with a +0 short sword! Duvessa hits you but does no damage.
2487 ||| READING scroll of teleportation.
As you read the scroll of teleportation, it crumbles to dust.
You feel strangely unstable. Duvessa completely misses you.
You shoot a sling bullet.
The sling bullet hits Duvessa but does no damage.
Duvessa is moderately wounded.
Duvessa hits you with a +0 short sword.
You shoot a sling bullet. The sling bullet barely misses Duvessa.
Duvessa hits you with a +0 short sword!
You die...

###########
..........###########..)
##...####.......@e......
##.#......############..
.<.#...#...###
.#####.......#
...#...#...#.#
##.#.####.##.#
##...####.##.#########
...#......##.........#
###.################.#


You could see Duvessa.

Vanquished Creatures
  A hound (D:5)
  3 gnolls (D:5)
  4 adders
  An ufetubus (D:5)
  2 worms
  3 dart slugs
  6 bats
  4 endoplasms
  3 giant cockroaches
  6 goblins
  8 hobgoblins
  4 jackals (D:2)
  5 kobolds
  3 quokkas
  5 ball pythons
  4 frilled lizards
  2 rats (D:1)
64 creatures vanquished.

Notes
Turn   | Place    | Note
-------+----------+-------------------------------------------
     0 | D:1      | qw the Minotaur Hexslinger began the quest for the Orb.
     0 | D:1      | Reached XP level 1. HP: 16/16 MP: 1/1
     0 | D:1      | 0 ||| qw: Version: 0.3-a-32-g5962c71
     0 | D:1      | 0 ||| qw: Game counter: 7403
     0 | D:1      | 0 ||| qw: Melee chars always use a shield: true
     0 | D:1      | 0 ||| qw: God list: Okawaru
     0 | D:1      | 0 ||| qw: Allow faded altars: false
     0 | D:1      | 0 ||| qw: Do Orc after clearing Dungeon:15 true
     0 | D:1      | 0 ||| qw: Do second Lair branch before Depths: true
     0 | D:1      | 0 ||| qw: Lair rune preference: random
     0 | D:1      | 0 ||| qw: Goals: Normal
     0 | D:1      | 0 ||| PLANNING D:1-11
    49 | D:1      | Found Etoull's Jewellery Emporium.
    61 | D:1      | 61 ||| SHOPLISTING +5 ring of evasion (360 gold, have 16).
    61 | D:1      | 61 ||| SHOPLISTING amulet of regeneration (300 gold, have
                  | 16).
    61 | D:1      | 61 ||| SHOPLISTING ring of protection from fire (250 gold,
                  | have 16).
    61 | D:1      | 61 ||| SHOPLISTING ring of see invisible (150 gold, have
                  | 16).
    68 | D:1      | Reached skill level 3 in Ranged Weapons
    71 | D:1      | Reached XP level 2. HP: 22/23 MP: 2/2
   108 | D:1      | Found Waimm's Book Boutique.
   323 | D:1      | Found Vun Pucw's Distillery.
   326 | D:1      | 326 ||| SHOPLISTING potion of enlightenment (50 gold, have
                  | 37).
   326 | D:1      | 326 ||| SHOPLISTING potion of mutation (80 gold, have 37).
   326 | D:1      | 326 ||| SHOPLISTING potion of resistance (100 gold, have
                  | 37).
   372 | D:1      | Found Luidit's Weapon Emporium.
   421 | D:1      | Found Umo Gena's Distillery.
   435 | D:1      | 435 ||| BUYING potion of curing (42 gold).
   435 | D:1      | Bought a potion of curing for 42 gold pieces
   435 | D:1      | 435 ||| SHOPLISTING potion of curing (42 gold, have 15).
   435 | D:1      | 435 ||| SHOPLISTING potion of haste (140 gold, have 15).
   435 | D:1      | 435 ||| SHOPLISTING potion of heal wounds (70 gold, have
                  | 15).
   435 | D:1      | 435 ||| SHOPLISTING potion of mutation (112 gold, have 15).
   548 | D:1      | Reached XP level 3. HP: 29/29 MP: 3/3
   882 | D:1      | 882 ||| UPGRADING to +0 ring mail.
   892 | D:1      | 892 ||| DROPPING +0 robe.
   893 | D:1      | 893 ||| READING scroll labelled ISANTOMPIS.
   896 | D:1      | 896 ||| READING 3 scrolls labelled PEREXASASK.
   897 | D:1      | 897 ||| READING scroll labelled EXAPLY YSHRE.
   898 | D:1      | 898 ||| READING 2 scrolls of identify.
   898 | D:1      | 898 ||| IDENTIFYING viscous amethyst potion
   899 | D:1      | 899 ||| DROPPING scroll of poison.
   900 | D:1      | 900 ||| DROPPING potion of lignification.
  1038 | D:2      | Reached skill level 4 in Ranged Weapons
  1108 | D:2      | Reached skill level 1 in Armour
  1143 | D:2      | Reached XP level 4. HP: 34/36 MP: 4/4
  1227 | D:2      | Identified the +7 mace of Kehu {antimagic, rCorr}
  1576 | D:2      | 1576 ||| READING 3 scrolls of identify.
  1576 | D:2      | 1576 ||| IDENTIFYING puce potion
  1577 | D:2      | 1577 ||| READING 2 scrolls of identify.
  1577 | D:2      | 1577 ||| IDENTIFYING bubbling inky potion
  1578 | D:2      | 1578 ||| DROPPING potion of berserk rage.
  1677 | D:3      | Found a white marble altar of Elyvilon.
  1863 | D:3      | Reached skill level 5 in Ranged Weapons
  1870 | D:3      | Found a glowing silver altar of Zin.
  2037 | D:3      | You fall into a shaft and drop 2 floors!
  2037 | D:5      | Entered Level 5 of the Dungeon
  2040 | D:5      | 2040 ||| PLANNING SEWER
  2104 | D:5      | Reached skill level 3 in Fighting
  2104 | D:5      | Reached XP level 5. HP: 32/45 MP: 5/5
  2169 | D:5      | Found a glowing golden altar of the Shining One.
  2469 | D:5      | Noticed Duvessa
  2486 | D:5      | HP: 8/45 [Duvessa/+0 short sword (11)]
  2487 | D:5      | 2487 ||| READING scroll of teleportation.
  2488 | D:5      | HP: 3/45 [Duvessa/+0 short sword (5)]
  2489 | D:5      | Slain by Duvessa

Levels and vault maps discovered:
D:1:      denvon_arrival_waterhouse, layout_basic, serial_shops, shop, shop,
          shop, nicolae_book_shop_shelving, nicolae_shop_peninsula
D:2:      layout_loops_ring
D:3:      layout_rooms, zin_treasury, old_standard_altar, minivault_24
D:5:      layout_loops_ring, tso_metal_star, gup_sewer_entry_spiral,
          uniq_duvessa

Skill      XL: |  1  2  3  4 |
---------------+-------------+-----
Ranged Weapons | 3 4 5 |  5.3
Fighting       | 2 3 |  3.1
Armour         | 1 |  1.0
Dodging        | |  2.1
Spellcasting   | |  1.0
Hexes          | |  2.0

Action                     |  1- 3 |  4- 6 || total
---------------------------+-------+-------++-------
   Fire: Sling             |   116 |   111 ||   227
    Use: Scroll            |     4 |     3 ||     7
 Armour: Ring mail         |     9 |    23 ||    32
  Dodge: Dodged            |    19 |    39 ||    58

Table legend:
 A = Non-vault XP
 B = Vault XP
 C = Vault XP percentage of total XP
 D = Non-vault monster count
 E = Vault monster count
 F = Vault count percentage of total count
                 A         B        C        D         E       F
            +---------+---------+-------+---------+---------+-------
      Total |     251 |       0 |   0.0 |      64 |       0 |   0.0
            +---------+---------+-------+---------+---------+-------
        D:1 |      48 |       0 |   0.0 |      27 |       0 |   0.0
        D:2 |      79 |       0 |   0.0 |      23 |       0 |   0.0
        D:3 |      31 |       0 |   0.0 |       9 |       0 |   0.0
        D:5 |      93 |       0 |   0.0 |       5 |       0 |   0.0
            +---------+---------+-------+---------+---------+-------
